 Dungeon Crawl Stone Soup version 0.27-a0-679-g77a6b55cf3 (webtiles) character file.

Game seed: 8299871772742473752

53 rednaxela the Caller (level 3, 0/27 HPs)
             Began as a Palentonga Summoner on Mar 18, 2021.
             Succumbed to an adder's poison
             ... on level 2 of the Dungeon.
             The game lasted 00:05:25 (2100 turns).

rednaxela the Caller (Palentonga Summoner)          Turns: 2100, Time: 00:05:26

Health: 0/27       AC:  4    Str: 12    XL:     3   Next: 62%
Magic:  7/7        EV:  9    Int: 15    God:
Gold:   89         SH:  0    Dex: 10    Spells: 6/7 levels left

rFire    . . .     SeeInvis +   d - +0 falchion
rCold    . . .     Faith    .   (no shield)
rNeg     . . .     Spirit   .   a - +0 robe
rPois    .         Reflect  .   (no helmet)
rElec    .         Harm     .   (no cloak)
rCorr    +         Rampage  .   (no gloves)
Will     .....                  (no barding)
Stlth    +.........             (no amulet)
HPRegen  0.09/turn              g - ring of resist corrosion
MPRegen  0.10/turn              (no ring)

@: lethally poisoned (0 -> -11), attractive, flying, very slightly contaminated,
invisible
A: large, rugged brown scales 3, see invisible, deformed body, roll 1, armoured
tail
a: Rolling Charge


You were on level 2 of the Dungeon.
You visited 1 branch of the dungeon, and saw 2 of its levels.

You collected 89 gold pieces.

Inventory:

Hand Weapons
 d - a +0 falchion (weapon)
   (You found it on level 1 of the Dungeon)
Armour
 a - a +0 robe (worn)
Jewellery
 g - a ring of resist corrosion (right hand)
   (You found it on level 1 of the Dungeon)
Scrolls
 b - a scroll of torment {unknown}
 e - 3 scrolls of identify {unknown}
 j - a scroll of enchant weapon {unknown}
 k - a scroll of noise {unknown}


   Skills:
 + Level 1.2 Long Blades
 - Level 1.5 Dodging
 - Level 1.2 Stealth
 + Level 2.8 Spellcasting
 + Level 3.7 Summonings


You had 6 spell levels left.
You knew the following spells:

 Your Spells              Type           Power      Damage    Failure   Level
a - Summon Small Mammal   Summ           52%        N/A       4%          1

Your spell library contained the following spells:

 Spells                   Type           Power      Damage    Failure   Level
 Call Imp                 Summ           13%        N/A       7%          2
 Call Canine Familiar     Summ           13%        N/A       13%         3
 Summon Guardian Golem    Hex/Summ       7%         N/A       28%         3
 Summon Ice Beast         Ice/Summ       7%         N/A       67%         4
 Summon Lightning Spire   Summ/Air       7%         N/A       67%         4


Dungeon Overview and Level Annotations

Branches:
Dungeon (2/15)

Altars:
Xom

Shops:
D:2 *


Innate Abilities, Weirdness & Mutations

You are completely covered in rugged brown scales. (AC +3, +7% HP)
You have supernaturally acute eyesight. (SInv)
Armour fits poorly on your strangely shaped body.
You can roll at nearby foes to attack.
You have a long armoured tail.


Message History

What are your orders? t - Shout!
Orders for allies: a - Attack new target. r - Retreat! s - Stop attacking. g - Guard the area. f - Follow me.
Anything else - Cancel.
Gang up on whom?
Press: ? - help, Dir - move target, f - adder
Aim: an adder (moderately wounded, ally target) Attack!
Your bat disappears in a puff of smoke!
Your bat completely misses the adder.
You completely miss the adder.
The adder is moderately wounded.
You feel sick. The adder bites you.
* * * LOW HITPOINT WARNING * * *
You are more poisoned.
The adder poisons you!
Your bat completely misses the adder.
The adder bites your bat.
Your bat dies!
Your bat's corpse disappears in a puff of smoke!
Okay, then.
Okay, then.
It was a potion of haste.
You feel yourself speed up.
You feel sick. The adder completely misses you.
You feel sick.
You feel sick.
You feel sick.
There is a stone staircase leading up here.
You feel sick.
You climb upwards.
There is a stone staircase leading down here.
You start resting.
Magic restored.
You feel sick. x2
You are no longer poisoned.
You start resting.
Your extra speed is starting to run out.
You start resting.
You feel yourself slow down.
You start resting.
HP restored.
You climb downwards.
The adder bites you. The adder closely misses you.
There is a stone staircase leading up here.
Casting: Summon Small Mammal (safe; 4% risk of failure)
Confirm with . or Enter, or press ? or * to list all spells.
The adder barely misses you. The adder bites you.
You are poisoned.
The adder poisons you! The adder bites you.
You swap places.
You feel sick.
Your bat closely misses the adder.
Your bat misses the adder. The adder misses your bat. The adder bites you.
You are more poisoned.
The adder poisons you!
There is a stone staircase leading up here.
You hit the adder.
The adder is lightly wounded.
You feel sick.
Your bat misses the adder. The adder bites you.
* * * LOW HITPOINT WARNING * * *
You are more poisoned.
The adder poisons you!
Your bat completely misses the adder.
The adder bites you but does no damage.
You are too injured to fight recklessly!
You hit the adder.
The adder is severely wounded.
* * * LOW HITPOINT WARNING * * *
You feel sick.
Your bat hits the adder.
Your bat closely misses the adder.
Your bat misses the adder. The adder bites you.
* * * LOW HITPOINT WARNING * * *
You are more poisoned.
The adder poisons you!
Your bat barely misses the adder.
You barely miss the adder.
Your tail-slap misses the adder.
The adder is severely wounded.
* * * LOW HITPOINT WARNING * * *
You feel sick.
Your bat hits the adder. The adder bites you.
* * * LOW HITPOINT WARNING * * *
The adder closely misses you.
You riposte.
You closely miss the adder. You tail-slap the adder.
You kill the adder!
* * * LOW HITPOINT WARNING * * *
You feel sick.
It was a potion of flight.
You feel very buoyant.
You fly up into the air.
* * * LOW HITPOINT WARNING * * *
You feel sick.
It was a potion of invisibility.
You fade into invisibility!
* * * LOW HITPOINT WARNING * * *
You feel sick.
You are very lightly contaminated with residual magic.
It was a potion of attraction.
You feel attractive to monsters.
* * * LOW HITPOINT WARNING * * *
You feel sick.
* * * LOW HITPOINT WARNING * * *
You feel sick.
* * * LOW HITPOINT WARNING * * *
You feel sick.
You die...

######## #########
#......# #.....b@#
#...PP.# #.#####<#
#..P∩P.###.# #.#
....PP..##.# #.#
...........# #.#
#####..†#### #.# #.###
#.# ##
..###..#########.# ..
....†.††.........##.##


You could see a friendly bat (summoned).

Vanquished Creatures
  2 adders (D:2)
  2 leopard geckos (D:1)
  A ball python (D:2)
  A giant cockroach (D:2)
  A goblin (D:2)
  2 hobgoblins (D:1)
  A jackal (D:2)
  A kobold (D:2)
  5 bats
  A frilled lizard (D:1)
  2 rats
19 creatures vanquished.

Vanquished Creatures (collateral kills)
  A dart slug (D:2)
  2 giant cockroaches (D:1)
  2 hobgoblins
  3 jackals (D:2)
  2 bats (D:2)
  A frilled lizard (D:2)
  4 goblins
  2 rats (D:2)
17 creatures vanquished.

Grand Total: 36 creatures vanquished

Notes
Turn   | Place    | Note
-------+----------+-------------------------------------------
     0 | D:1      | rednaxela the Palentonga Summoner began the quest for the
                  | Orb.
     0 | D:1      | Reached XP level 1. HP: 14/14 MP: 3/3
   624 | D:1      | Reached XP level 2. HP: 21/21 MP: 1/5
  1250 | D:2      | Found Orut Byo's Assorted Antiques.
  1423 | D:2      | Found a shimmering altar of Xom.
  1640 | D:2      | Reached XP level 3. HP: 27/27 MP: 4/6
  1752 | D:2      | Reached skill level 1 in Long Blades
  2099 | D:2      | HP: 1/27 [poisoned by an adder]
  2100 | D:2      | Succumbed to an adder's poison

Illustrated notes

Levels and vault maps discovered:
D:1:      sevenhm_arrival_forest_fort_large_4, layout_loops_ring,
          chequers_hall_statues_corner_a
D:2:      layout_loops_ring, nicolae_overflow_crystal_walls, serial_shops,
          nicolae_shop_overgrown_old_shop, minmay_misc_feat_secret_circle

Skill      XL: |  1  2  3 |
---------------+----------+-----
Long Blades    | 1 |  1.2
Dodging        | |  1.5
Stealth        | |  1.2
Spellcasting   | |  2.8
Summonings     | |  3.7

Action                   || total
-------------------------++-------
Melee: Dagger            ||    26
       Tailslap          ||     4
       Falchion          ||    49
 Cast: Summon Small Mamm ||    26
  Use: Potion            ||     4
 Stab: Sleeping          ||     1
Armor: Robe              ||    45
Dodge: Dodged            ||    63
       Rpst.: Falchion   ||    16

Table legend: (Time is in decaauts)
 A = Elapsed time spent in this place.
 B = Non-inter-level travel time spent in this place.
 C = Inter-level travel time spent in this place.
 D = Time resting spent in this place.
 E = Time spent auto-exploring this place.
 F = Levels seen in this place.
 G = Mean time per level.
                   A        B        C        D        E       F      G
               +--------+--------+--------+--------+--------+-----+--------+
         Total |   2096 |   2058 |     38 |    464 |   1128 |   2 | 1048.0 |
       Dungeon |   2096 |   2058 |     38 |    464 |   1128 |   2 | 1048.0 |
               +--------+--------+--------+--------+--------+-----+--------+

Top non-repeatable levels by time:
     D:1: 1514 daAuts
     D:2: 582 daAuts
